 Dungeon Crawl Stone Soup version 0.31-a0-1002-g8e65716e6e (webtiles) character file.

Game seed: 13134076164215511447

2 MacCMillion the Ruffian (level 1, -1/13 HPs)
             Began as an Octopode Shapeshifter on Nov 10, 2023.
             Slain by a hobgoblin (5 damage)
             ... on level 1 of the Dungeon.
             The game lasted 00:00:46 (45 turns).

MacCMillion the Ruffian (Octopode Shapeshifter)       Turns: 45, Time: 00:00:46

Health: -1/13      AC:  1    Str: 13    XL:     1   Next: 40%
Magic:  1/1        EV: 13    Int: 12    God:
Gold:   15         SH:  0    Dex: 11    Spells: 0/0 levels left

rFire   . .          .
                       - Unarmed
rCold   . . .        (no shield)
rNeg    . . .        (helmet currently unavailable)
rPois   .            (no amulet)
rElec   .            (no ring)
rCorr   .            (no ring)
SInv    .            (no ring)
Will    .....        (no ring)
Stlth   ++           (no ring)
HPRegen 0.22/turn    (no ring)
MPRegen 0.07/turn    (no ring)
                     (no ring)

%: no passive effects
@: beast-form
A: beast (slay +1), almost no armour, amphibious, 8 rings, camouflage 1,
gelatinous body 1, (nimble swimmer 1), tentacles
a: Begin Untransformation


You were on level 1 of the Dungeon.
You were a hulking beast.
You visited 1 branch of the dungeon, and saw 1 of its levels.

You collected 15 gold pieces.

Inventory:

Missiles
 d - 5 poisoned darts
Talismans
 b - a beast talisman
 c - a flux talisman
Potions
 a - a potion of lignification


   Skills:
 + Level 1.1 Fighting
 + Level 2.0 Dodging
 + Level 3.0 Unarmed Combat
 + Level 3.0 Shapeshifting


You couldn't memorise any spells.
You didn't know any spells.
Your spell library was empty.

Dungeon Overview and Level Annotations

Branches:
Dungeon (1/15)

Altars:


Innate Abilities, Weirdness & Mutations

You are a hulking beast.
Your limbs bulge with bestial killing power. (Slay +1)
You cannot wear most types of armour.
You are amphibious.
You can wear up to eight rings at the same time.
Your skin changes colour to match your surroundings (Stealth+).
Your rubbery body absorbs attacks. (AC +1, EV +1)
((You are camouflaged when in or above water. (Stealth+)))
You have tentacles for arms and can constrict up to eight enemies at once.


Message History

Found a staircase leading out of the dungeon.
Adjust (i)tems, (s)pells, or (a)bilities?
Huh?
You see here 5 poisoned darts.
d - 5 poisoned darts You now have 15 gold pieces.
A giant cockroach comes into view.
A giant cockroach is nearby!
A giant cockroach is nearby!
A kobold comes into view. It is wielding a +0 dagger.
Found a viscous golden potion.
The giant cockroach closely misses you.
You barely miss the kobold. You grab the kobold. You constrict the kobold.
The giant cockroach closely misses you.
You tentacle-slap the kobold.
You kill the kobold!
The giant cockroach closely misses you.
You tentacle-slap the giant cockroach.
You kill the giant cockroach!
No target in view!
No target in view!
A kobold comes into view. It is wielding a +0 short sword.
A kobold is nearby!
A kobold is nearby!
A dart slug comes into view.
The kobold shouts!
You hear a shout! x2
A kobold comes into view. It is wielding a +0 short sword.
The kobold hits you with a +0 short sword.
You closely miss the kobold. You grab the kobold. You squeeze the kobold.
You kill the kobold!
The dart slug launches a dart at you. The slug dart hits you.
Found a stone staircase leading down.
A hobgoblin comes into view.
Things that are here:
a +0 short sword; a kobold corpse A quokka comes into view.
The kobold hits you with a +0 short sword.
The hobgoblin hits you.
You die...

# #.# #.#.........
#.#.###.####).....####
.................##
.###...#######.## #
#......## #.# ##
###.......###.#
.###.........##.)#
..##.........##..#
........#...###.h#
..####.###.## #Kg#
.##....# #.# #.w.
######.###.# #....
#..........# #...##
######.##### #>###
...# #. ###.# #r #.#


You could see a dart slug, a quokka, a hobgoblin and a kobold.

Vanquished Creatures
  A giant cockroach (D:1)
  2 kobolds (D:1)
3 creatures vanquished.

Notes
Turn   | Place    | Note
-------+----------+-------------------------------------------
     0 | D:1      | MacCMillion the Octopode Shapeshifter began the quest for
                  | the Orb.
     0 | D:1      | Reached XP level 1. HP: 13/13 MP: 1/1
    45 | D:1      | Slain by a hobgoblin

Illustrated notes

Levels and vault maps discovered:
D:1:      dpeg_arrival_rhombi, layout_loops_ring

Action                     || total
---------------------------++-------
  Melee: Unarmed           ||     4
         Constrict         ||     2
         Tentacles         ||     1
 Armour: Skin              ||     4
  Dodge: Dodged            ||     3

Table legend: (Time is in decaauts)
 A = Elapsed time spent in this place.
 B = Non-inter-level travel time spent in this place.
 C = Inter-level travel time spent in this place.
 D = Time resting spent in this place.
 E = Time spent auto-exploring this place.
 F = Levels seen in this place.
 G = Mean time per level.
                   A        B        C        D        E       F      G
               +--------+--------+--------+--------+--------+-----+--------+
         Total |     44 |     44 |      0 |      0 |     21 |   1 |   44.0 |
       Dungeon |     44 |     44 |      0 |      0 |     21 |   1 |   44.0 |
               +--------+--------+--------+--------+--------+-----+--------+

Top non-repeatable levels by time:
     D:1: 44 daAuts
